 Dungeon Crawl Stone Soup version 0.24-a0-366-gc1c896e988 (console) character file.

Game seed: 1920563437147485532

588280 Lexodia the Wrestler (level 26, -6/381 (391) HPs)
             Began as a Troll Fighter on May 28, 2019.
             Was the Champion of Okawaru.
             Mangled by a bennu (15 damage)
             ... on level 13 of a ziggurat on May 29, 2019.
             The game lasted 06:34:33 (57165 turns).

Lexodia the Wrestler (Troll Fighter)               Turns: 57165, Time: 06:34:35

HP:   -6/381 (391)  AC: 34    Str: 36    XL:     26   Next: 13%
MP:   5/11          EV: 15    Int:  6    God:    Okawaru [******]
Gold: 6121          SH: 34    Dex: 15    Spells: 26/34 levels left

rFire    + + +     SeeInvis +     - Unarmed
rCold    . . .     Gourm    +   c - +8 large shield {rN+}
rNeg     + + .     Faith    .   V - +10 pearl dragon scales
rPois    +         Spirit   .   X - +1 hat of Knowledge {rCorr}
rElec    .         Reflect  +   P - +0 cloak "Suckiqev" {MR+ MP-9 Slay+6 Stlth+}
rCorr    +         Harm     .   (gloves unavailable)
MR       +++..                  (boots unavailable)
Stlth    ..........             O - +3 amulet of reflection
HPRegen  1.13/turn              G - ring "Wuxt" {Wiz rPois rF+++ MR- MP-9}
MPRegen  0.12/turn              T - ring of see invisible

@: berserking (expiring), lethally poisoned (-6 -> -19), very slightly
contaminated, hasted and slowed, invisible
A: large, unfitting armour, claws 3, hooves 1, icy blue scales 1, fast
metabolism 3, gourmand, magic resistance 2, regeneration 1, shaggy fur 1, tough
skin 3
}: 3/15 runes: decaying, serpentine, silver
a: Heroism, Finesse, Renounce Religion


You were on level 13 of a ziggurat.
You worshipped Okawaru.
Okawaru was exalted by your worship.
You were very full.

You visited 10 branches of the dungeon, and saw 46 of its levels.
You visited the Abyss 1 time.
You visited 1 ziggurat, and saw 13 of its levels.
You also visited: Sewer, Ossuary, Bailey, Gauntlet, Ice Cave and Wizlab.

You collected 7580 gold pieces.
You spent 1459 gold pieces at shops.

Inventory:

Missiles
 u - 22 boomerangs of dispersal
 w - 29 silver boomerangs
 z - 136 large rocks
 S - 30 silver javelins (quivered)
Armour
 c - a +8 large shield of positive energy (worn)
 N - the +1 cloak of Starlight {rElec rC+ EV+4 Stlth--}
   (You found it in a wizard's laboratory)

   It affects your evasion (+4).
   It protects you from cold.
   It insulates you from electricity.
   It makes you much less stealthy.
 P - the +0 cloak "Suckiqev" (worn) {MR+ MP-9 Slay+6 Stlth+}
   (Okawaru gifted it to you on level 1 of the Vaults)

   It affects your accuracy and damage with ranged weapons and melee attacks
   (+6).
   It affects your resistance to hostile enchantments.
   It affects your magic capacity (-9).
   It makes you more stealthy.
 V - +10 pearl dragon scales (worn)
 X - the +1 hat of Knowledge (worn) {rCorr}
   (You found it on level 15 of the Dungeon)

   It provides partial protection from all sources of acid and corrosion.
Jewellery
 l - an uncursed ring of protection from cold
 s - the ring of Makhleb's Condemnation {MR+ Str+7 Dex+2}
   (You took it off a deep elf demonologist on level 3 of the Elven Halls)

   [ring of dexterity]

   It affects your strength (+7).
   It affects your dexterity (+2).
   It affects your resistance to hostile enchantments.
 v - the ring "Buyts" {rN+ EV+1}
   (You found it on level 5 of the Dungeon)

   [ring of evasion]

   It affects your evasion (+1).
   It protects you from negative energy.
 A - an uncursed amulet of the acrobat
 F - a +5 ring of slaying
 G - the ring "Wuxt" (left claw) {Wiz rPois rF+++ MR- MP-9}
   (You took it off a deep elf mage on level 3 of the Elven Halls)

   [ring of wizardry]

   It improves your spell success rate.
   It renders you almost immune to fire.
   It protects you from poison.
   It affects your resistance to hostile enchantments.
   It affects your magic capacity (-9).
 K - the ring "Werghuask" {MR+ Str+3}
   (You took it off a minotaur in a Gauntlet)

   [ring of strength]

   It affects your strength (+3).
   It affects your resistance to hostile enchantments.
 O - a +3 amulet of reflection (around neck)
 T - a ring of see invisible (right claw)
Wands
 g - a wand of digging (24)
 k - a wand of flame (129)
 y - a wand of iceblast (79)
 D - a wand of polymorph (11)
 L - a wand of disintegration (63)
 M - a wand of acid (31)
 Q - a wand of enslavement (11)
 U - a wand of clouds (8)
 W - a wand of paralysis (26)
Scrolls
 a - 3 scrolls of blinking
 e - 8 scrolls of fog
 j - 19 scrolls of teleportation
 m - 25 scrolls of remove curse
 n - 13 scrolls of magic mapping
 p - 25 scrolls of identify
 r - a scroll of summoning
 I - 3 scrolls of enchant weapon
 Z - 5 scrolls of fear
Potions
 f - 15 potions of curing
 i - 6 potions of cancellation
 o - 4 potions of mutation
 q - 13 potions of brilliance
 t - 3 potions of resistance
 x - 3 potions of heal wounds
 B - 13 potions of flight
 C - 7 potions of might
 H - 5 potions of berserk rage
 R - 6 potions of haste
Miscellaneous
 b - 3 boxes of beasts
 E - a phial of floods
 J - 2 sacks of spiders
Comestibles
 d - 117 rations


   Skills:
 + Level 15.0 Fighting
 * Level 19.8 Throwing
 + Level 13.9 Armour
 + Level 11.7 Dodging
 - Level 4.0 Stealth
 + Level 14.7 Shields
 + Level 21.0 Unarmed Combat
 + Level 4.8 Spellcasting
 - Level 5.0 Hexes
 - Level 4.0 Charms
 - Level 5.0 Translocations
 - Level 4.0 Ice Magic
 - Level 5.0 Invocations
 - Level 8.0 Evocations


You had 26 spell levels left.
You knew the following spells:

 Your Spells              Type           Power        Failure   Level  Hunger
a - Ozocubu's Armour      Chrm/Ice       #.......     13%         3    ####...
b - Confusing Touch       Hex            #.....       2%          1    ##.....
c - Apportation           Tloc           #.....       2%          1    ##.....
d - Portal Projectile     Hex/Tloc       #.....       9%          3    ####...

Your spell library contained the following spells:

 Spells                   Type           Power        Failure   Level  Hunger
 Corona                   Hex            #......      2%          1    ##.....
 Freeze                   Ice            #...         4%          1    ##.....
 Blink                    Tloc           N/A          4%          2    ###....
 Slow                     Hex            #.......     4%          2    ###....
 Ensorcelled Hibernation  Hex/Ice        #.....       5%          2    ###....
 Shroud of Golubria       Chrm/Tloc      #.........   5%          2    ###....
 Confuse                  Hex            #.......     9%          3    ####...
 Gell's Gravitas          Tloc           #.........   9%          3    ####...
 Teleport Other           Tloc           #.......     9%          3    ####...
 Spectral Weapon          Hex/Chrm       #.......     11%         3    ####...
 Swiftness                Chrm/Air       #.......     16%         2    ###....
 Throw Frost              Conj/Ice       #.....       16%         2    ###....
 Animate Skeleton         Necr           N/A          22%         1    ##.....
 Beastly Appendage        Tmut           #.....       22%         1    ##.....
 Flame Tongue             Conj/Fire      #....        22%         1    ##.....
 Magic Dart               Conj           #...         22%         1    ##.....
 Sandblast                Erth           #.....       22%         1    ##.....
 Shock                    Conj/Air       #...         22%         1    ##.....
 Sting                    Conj/Pois      #...         22%         1    ##.....
 Summon Butterflies       Summ           #.......     22%         1    ##.....
 Summon Small Mammal      Summ           #...         22%         1    ##.....
 Dazzling Spray           Conj/Hex       #.....       24%         3    ####...
 Inner Flame              Hex/Fire       #.......     24%         3    ####...
 Recall                   Summ/Tloc      N/A          24%         3    ####...
 Summon Guardian Golem    Hex/Summ       #.......     24%         3    ####...
 Cause Fear               Hex            #.........   26%         4    #####..
 Passage of Golubria      Tloc           N/A          26%         4    #####..
 Call Imp                 Summ           #.......     32%         2    ###....
 Corpse Rot               Necr           N/A          32%         2    ###....
 Passwall                 Tmut/Erth      #.......     32%         2    ###....
 Poisonous Vapours        Pois/Air       #.....       32%         2    ###....
 Searing Ray              Conj           #.....       32%         2    ###....
 Sticks to Snakes         Tmut           #.......     32%         2    ###....
 Throw Flame              Conj/Fire      #.....       32%         2    ###....
 Call Canine Familiar     Summ           #.......     52%         3    ####...
 Conjure Flame            Conj/Fire      #.......     52%         3    ####...
 Ignite Poison            Fire/Tmut/Pois #.......     52%         3    ####...
 Mephitic Cloud           Conj/Pois/Air  #.......     52%         3    ####...
 Spider Form              Tmut/Pois      #.........   52%         3    ####...
 Static Discharge         Conj/Air       #.......     52%         3    ####...
 Stone Arrow              Conj/Erth      #.....       52%         3    ####...
 Force Lance              Conj/Tloc      #.......     58%         4    #####..
 Fulminant Prism          Conj/Hex       #.........   58%         4    #####..
 Leda's Liquefaction      Hex/Erth       #.........   58%         4    #####..
 Ice Form                 Ice/Tmut       #.......     65%         4    #####..
 Summon Ice Beast         Ice/Summ       #.......     65%         4    #####..
 Throw Icicle             Conj/Ice       #.......     65%         4    #####..
 Metabolic Englaciation   Hex/Ice        #.........   65%         5    ######.
 Airstrike                Air            #.........   89%         4    #####..
 Iskenderun's Mystic Bla  Conj           #.......     89%         4    #####..
 Olgreb's Toxic Radiance  Pois           #.......     89%         4    #####..
 Petrify                  Tmut/Erth      #.......     89%         4    #####..
 Sticky Flame             Conj/Fire      #.......     89%         4    #####..
 Summon Lightning Spire   Summ/Air       #.......     89%         4    #####..
 Silence                  Hex/Air        #.........   89%         5    ######.
 Summon Forest            Summ/Tloc      #.........   89%         5    ######.
 Summon Mana Viper        Hex/Summ       #.......     89%         5    ######.
 Yara's Violent Unravell  Hex/Tmut       #.........   89%         5    ######.
 Iskenderun's Battlesphe  Conj/Chrm      #.......     92%         5    ######.
 Dispersal                Tloc           #.........   98%         6    #######
 Agony                    Necr           #.......     99%         5    ######.
 Aura of Abjuration       Summ           #.........   99%         5    ######.
 Blade Hands              Tmut           #.........   99%         5    ######.
 Bolt of Magma            Conj/Fire/Erth #.........   99%         5    ######.
 Borgnjor's Vile Clutch   Necr/Erth      #.........   99%         5    ######.
 Fireball                 Conj/Fire      #.........   99%         5    ######.
 Lee's Rapid Deconstruct  Erth           #.........   99%         5    ######.
 Lightning Bolt           Conj/Air       #.........   99%         5    ######.
 Summon Demon             Summ           #.........   99%         5    ######.
 Venom Bolt               Conj/Pois      #.........   99%         5    ######.
 Ozocubu's Refrigeration  Ice            #.........   99%         6    #######
 Bolt of Cold             Conj/Ice       #.........   100%        6    #######
 Bolt of Fire             Conj/Fire      #.........   100%        6    #######
 Conjure Ball Lightning   Conj/Air       #.........   100%        6    #######
 Death Channel            Necr           #.........   100%        6    #######
 Deflect Missiles         Chrm/Air       #.........   100%        6    #######
 Freezing Cloud           Conj/Ice/Air   #.........   100%        6    #######
 Hydra Form               Tmut           #.........   100%        6    #######
 Iron Shot                Conj/Erth      #.........   100%        6    #######
 Shadow Creatures         Summ           N/A          100%        6    #######
 Simulacrum               Ice/Necr       #.........   100%        6    #######
 Statue Form              Tmut/Erth      #........    100%        6    #######
 Malign Gateway           Summ/Tloc      #.........   100%        7    #######
 Monstrous Menagerie      Summ           #.........   100%        7    #######
 Orb of Destruction       Conj           #.........   100%        7    #######
 Spellforged Servitor     Conj/Summ      #.........   100%        7    #######
 Summon Greater Demon     Summ           #.........   100%        7    #######
 Summon Hydra             Summ           #.........   100%        7    #######
 Controlled Blink         Tloc           N/A          100%        8    #######
 Discord                  Hex            #.........   100%        8    #######
 Disjunction              Tloc           #.........   100%        8    #######
 Ignition                 Fire           #.........   100%        8    #######
 Summon Horrible Things   Summ           #.........   100%        8    #######
 Shatter                  Erth           #.........   100%        9    #######
 Tornado                  Air            #.........   100%        9    #######


Dungeon Overview and Level Annotations

Branches:
Dungeon (15/15)            Temple (1/1) D:4            Lair (6/6) D:10
  Swamp (4/4) Lair:3        Snake (4/4) Lair:2        Slime (0/5) Lair:5
    Orc (2/2) D:10            Elf (3/3) Orc:2        Vaults (5/5) D:14
  Crypt (2/3) Vaults:2     Depths (4/5) D:15

Altars:
Ashenzari
Cheibriados
Dithmenos
Elyvilon
Fedhas
Gozag
Hepliaklqana
Kikubaaqudgha
Makhleb
Nemelex Xobeh
Okawaru
Qazlal
Ru
Sif Muna
Trog
Uskayaw
Vehumet
Wu Jian
Xom
Yredelemnul
Zin
The Shining One
Beogh

Shops:
D:4 ?   D:10 (*   Orc:2 ([[=?   Elf:3 =   Snake:3 %[%   Vaults:1 (   Vaults:2 (
Vaults:4 (?:   Depths:3 :

Portals:
Hell: Depths:1 Depths:2 Depths:3
Abyss: Depths:3
Pandemonium: Depths:3


Innate Abilities, Weirdness & Mutations

You are too large for most types of armour.
You have claws for hands.
Your metabolism is lightning-fast.
You like to eat raw meat.
Your natural rate of healing is unusually fast.
You are covered in fur. (AC +1)
You have extremely tough skin. (AC +3)
You have large cloven feet.
You are partially covered in icy blue scales. (AC +2)
You are highly resistant to hostile enchantments. (MR++)


Message History

You feel very sick.
You block the bennu's attack. x2; The bennu claws you but does no damage.
The tengu reaver zombie struggles to get unstuck from the web.
You block the mummy's attack.
Damage: -0%(-2hp) hp: 4%(13hp)
* * * LOW HITPOINT WARNING * * *
You feel very sick.
You block the bennu's attack. x2; The bennu claws you.
* * * LOW HITPOINT WARNING * * *
The mummy struggles to get unstuck from the web.
The tengu reaver zombie tears the web.
Huge Dmg: -1%(-3hp) hp: 3%(10hp)
You are too berserk!
You mangle the bennu!! You kick the bennu!
The bennu is heavily wounded.
* * * LOW HITPOINT WARNING * * *
You feel sick. You block the bennu's attack. x3
The ushabti shakes and rattles deafeningly!
The bennu pecks you!
You die...

▓......#.#.....##
▓................
▓▓................
▓..∩..............
▓▓.....(..........
▓................
▓......###(....##
▓▓..MZMM.#.....#G
▓▓@bM.#.#(....##
▓▓8MM..M..(...
▓▓8ZM(...(...
▓▓▓.........
▓▓▓▓▓▓.▓▓▓ ▓▓


You could see a bennu, 2 guardian mummies, 2 ushabtiu, 6 mummies, a tengu reaver
zombie (wandering) and a deep elf high priest skeleton (wandering).

Vanquished Creatures
  An ancient lich (Zig:12)
  2 juggernauts (Depths:3)
  A pandemonium lord (Zig:2)
  Sojobo (Depths:2)
  2 greater mummies
  Vashnia (Snake:4)
  A Killer Klown (Zig:6)
  Saint Roka (Elf:3)
  2 golden dragons
  A bone dragon (Abyss:2)
  A Tzitzimitl (Zig:6)
  An Ice Fiend (Zig:3)
  Jorgrun (D:12)
  7 tentacled monstrosities
  3 liches
  2 deep elf blademasters (Elf:3)
  2 titans (Vaults:5)
  2 deep elf master archers (Elf:3)
  6 sphinxes
  An eldritch tentacle (WizLab)
  2 ancient champions
  A shadow dragon (shapeshifter) (Zig:6)
  Kirke (Lair:5)
  4 storm dragons (Vaults:5)
  5 tengu reavers
  8 tentacled starspawn
  A revenant (Zig:5)
  5 shadow dragons
  8 nagarajas
  A thorn hunter (Swamp:3)
  8 fire giants
  6 deep elf sorcerers
  9 frost giants
  23 vault wardens
  An orc warlord (Orc:2)
  A ghost moth (Zig:13)
  A juggernaut zombie (Zig:13)
  2 iron dragons
  A caustic shrike zombie (Zig:8)
  Aizul (Snake:4)
  The ghost of Shaidar the Severer, a journeyman MiBe of Trog (D:14)
  The ghost of tmwh the Earth Mage, a journeyman GrEE of Vehumet (D:15)
  13 ghouls
  A balrug (Zig:9)
  6 deep elf elementalists
  16 ironheart preservers
  A caustic shrike skeleton (Zig:13)
  25 stone giants
  A war gargoyle (Vaults:5)
  12 very ugly things
  A draconian stormcaller (Zig:12)
  5 bennus
  5 entropy weavers
  3 vampire knights
  A white draconian (Abyss:5)
  2 lorocyprocas
  Azrael (D:12)
  The ghost of Zero the Cleaver, a journeyman GrFi of Okawaru (D:12)
  A purple draconian (Abyss:5)
  9 deep elf demonologists
  7 deep elf annihilators
  A yellow draconian (WizLab)
  4 spark wasps
  A minotaur (Gauntlet)
  A crystal guardian (Vaults:1)
  2 eidola
  7 deep elf death magi
  2 blizzard demons
  4 mummy priests
  5 jiangshi
  3 green deaths
  Snorg (Lair:5)
  12 ettins
  10 fire dragons
  10 great orbs of eyes
  Harold (D:9)
  Erolcha (D:9)
  4 rakshasas
  2 quicksilver dragon zombies
  19 yaktaur captains
  32 vault guards
  19 naga warriors
  4 deep elf high priests
  23 hydras
  10 ice dragons
  A spriggan air mage (Depths:3)
  6 ghost crabs
  16 anacondas
  2 catoblepae
  37 two-headed ogres
  10 centaur warriors
  4 shambling mangroves
  12 deep troll shamans
  14 alligators
  4 death yaks
  14 ogre magi
  5 deep troll earth magi
  2 tengu warriors
  13 death knights
  21 dancing weapons
  2 orc high priests
  2 death scarabs
  4 spriggan berserkers
  The ghost of Dasij the Grappler, a journeyman VSMo of Elyvilon (Lair:2)
  9 vampire magi
  16 naga sharpshooters
  4 shock serpents
  A fire crab (shapeshifter) (Vaults:1)
  A soul eater (Crypt:1)
  A storm dragon zombie (Vaults:4)
  An iron troll (shapeshifter) (Zig:6)
  Nergalle (D:11)
  12 thrashing horrors
  6 iron trolls
  4 salamander mystics
  4 shadow wraiths
  20 deep elf knights
  4 sixfirhies
  19 skeletal warriors
  4 wretched stars
  A spatial maelstrom (Zig:9)
  A death drake (shapeshifter) (Depths:1)
  25 deep trolls
  2 spriggan druids (Swamp:2)
  An unseen horror (shapeshifter) (Vaults:1)
  A flayed ghost (Vaults:2)
  9 wizards
  11 naga ritualists
  9 unseen horrors
  An obsidian statue (WizLab)
  A golden dragon skeleton (Zig:8)
  6 necromancers
  15 deep elf archers
  3 glowing orange brains
  A lindwurm (Lair:5)
  9 swamp dragons
  13 ironbrand convokers
  A mana viper (shapeshifter) (Vaults:2)
  19 orc knights
  A harpy (shapeshifter) (Gauntlet)
  9 phantasmal warriors
  5 wolf spiders
  9 harpies
  9 cyclopes
  2 cyclopes (shapeshifter)
  4 orc sorcerers
  31 ugly things
  17 salamanders
  71 deep elf magi
  A moth of wrath (shapeshifter) (Vaults:1)
  A manticore (D:15)
  13 mana vipers
  A tengu skeleton (Zig:12)
  A stone giant skeleton (Vaults:4)
  A faun (shapeshifter) (Zig:1)
  3 worldbinders
  A salamander (shapeshifter) (D:15)
  11 vault sentinels
  A moth of wrath (Gauntlet)
  3 ice statues
  42 black mambas
  A human skeleton (Vaults:4)
  2 frost giant skeletons
  2 apocalypse crabs
  4 smoke demons
  31 naga magi
  6 guardian serpents
  A spiny frog (shapeshifter) (Vaults:4)
  2 gargoyles
  An eye of devastation (Zig:13)
  34 spiny frogs
  A torpor snail (Lair:4)
  6 orange demons
  3 kobold demonologists
  49 yaktaurs
  2 hellwings (WizLab)
  22 freezing wraiths
  A komodo dragon (shapeshifter) (Vaults:3)
  5 rime drakes
  3 efreet
  A golden dragon simulacrum (Zig:8)
  A tormentor (Zig:12)
  4 komodo dragons
  A spriggan skeleton (Zig:8)
  4 ice devils
  9 tyrant leeches
  4 guardian mummies
  A queen bee (Lair:2)
  5 trolls
  A polar bear (shapeshifter) (Zig:10)
  A tengu simulacrum (Vaults:2)
  4 ancient zymes
  2 meliai (shapeshifter)
  A tyrant leech (shapeshifter) (Vaults:5)
  A blink frog (shapeshifter) (Vaults:1)
  A wolf spider simulacrum (IceCv)
  Grinder (D:6)
  2 polar bears
  17 raiju
  17 bog bodies
  2 wind drakes (shapeshifter)
  12 dream sheep (Lair:5)
  A raiju (shapeshifter) (D:15)
  29 blink frogs
  11 hippogriffs
  A death drake skeleton (Crypt:1)
  An ettin zombie (Vaults:3)
  A frost giant simulacrum (Vaults:3)
  A harpy skeleton (D:15)
  A stone giant simulacrum (Vaults:2)
  4 wandering mushrooms
  18 hornets
  2 snapping turtles (shapeshifter)
  An iron dragon simulacrum (Abyss:3)
  47 slime creatures
  A fire giant simulacrum (Vaults:2)
  6 shadows
  4 air elementals
  5 spriggans
  2 redbacks (shapeshifter)
  An ushabti (Zig:13)
  14 large abominations
  An ettin skeleton (Vaults:3)
  A deep troll skeleton (Zig:3)
  7 flying skulls
  11 redbacks
  A water elemental (Depths:2)
  A tarantella (Vaults:4)
  2 wyverns
  A hog (shapeshifter) (Elf:1)
  2 tarantellas (shapeshifter)
  10 wraiths
  6 hogs (Lair:5)
  Grum (D:8)
  2 ynoxinuls
  A basilisk (shapeshifter) (Vaults:1)
  60 yaks
  A yak (shapeshifter) (Vaults:5)
  10 fire elementals
  3 vampires
  5 small abominations
  2 golden eyes
  A chaos spawn (Zig:6)
  4 neqoxecs
  37 vampire mosquitoes
  A warg (shapeshifter) (Vaults:3)
  A catoblepas simulacrum (Lair:2)
  A death yak simulacrum (IceCv)
  A hungry ghost (D:12)
  A steam dragon (shapeshifter) (Vaults:5)
  4 spatial vortices (WizLab)
  11 swamp worms
  11 wargs
  39 nagas
  An acid dragon (shapeshifter) (Depths:3)
  12 insubstantial wisps
  A soldier ant (shapeshifter) (Zig:11)
  5 acid dragons
  A water nymph skeleton (Crypt:1)
  11 water moccasins
  17 porcupines
  Purgy (Sewer)
  2 hell hounds
  6 swamp drakes
  5 eyes of draining
  13 ice beasts
  61 orc warriors
  An ettin simulacrum (Vaults:2)
  2 phantoms (D:5)
  2 black bears (shapeshifter)
  3 black bears
  10 boggarts
  44 ogres
  7 necrophages
  6 sky beasts
  14 centaurs
  19 wolves
  A wolf (shapeshifter) (Vaults:5)
  A crocodile (shapeshifter) (Vaults:4)
  A snapping turtle skeleton (Abyss:2)
  A centaur (shapeshifter) (Vaults:5)
  17 crocodiles
  6 big kobolds
  An earth elemental (Elf:3)
  31 bullfrogs
  8 gnoll sergeants (Bailey)
  A wyvern zombie (D:15)
  A water moccasin zombie (Crypt:1)
  A komodo dragon zombie (Crypt:1)
  A glowing shapeshifter simulacrum (Vaults:1)
  A komodo dragon skeleton (Crypt:1)
  2 spiny frog simulacra (Lair:2)
  A wyvern skeleton (D:13)
  8 scorpions
  2 ogre simulacra (Vaults:1)
  17 killer bees (Lair:2)
  A swamp dragon simulacrum (IceCv)
  An elephant simulacrum (Lair:2)
  3 wights (D:13)
  The ghost of Zenobius the Sneak, a weakling DsAs (D:3)
  7 electric eels
  A vampire bat (Lair:4)
  5 howler monkeys
  12 crimson imps
  24 starcursed masses
  3 bullfrog zombies
  7 draconian simulacra (IceCv)
  2 yaktaur simulacra (Vaults:1)
  12 hounds
  2 human zombies (Ossuary)
  7 jellies
  8 centaur skeletons
  8 centaur zombies
  6 gnoll shamans (Bailey)
  32 orc priests
  40 orc wizards
  A water moccasin simulacrum (Lair:2)
  4 iron imps
  2 bullfrog skeletons
  13 worker ants
  2 iguanas
  6 troll simulacra (IceCv)
  A polar bear simulacrum (IceCv)
  A spriggan simulacrum (IceCv)
  A big kobold zombie (Ossuary)
  A bullfrog simulacrum (Lair:2)
  16 mummies
  29 gnolls
  6 naga simulacra (IceCv)
  2 river rats
  19 adders
  2 scorpion zombies (Ossuary)
  5 shadow imps
  25 white imps
  An ufetubus (Depths:3)
  7 oozes
  An adder zombie (D:9)
  An adder skeleton (D:5)
  5 worms
  A barachi skeleton (Crypt:1)
  A barachi zombie (Crypt:1)
  4 dart slugs
  4 leopard geckos
  145 orcs
  18 bats
  8 giant cockroaches
  7 goblins
  10 hobgoblins
  6 jackals
  27 kobolds
  3 quokkas
  6 ball pythons
  11 frilled lizards
  2 gnoll zombies (Ossuary)
  A goblin zombie (Ossuary)
  A hobgoblin zombie (Ossuary)
  2 kobold zombies (Ossuary)
  2 orc zombies (Ossuary)
  13 rats
  A bush (D:1)
  2 fungi (Lair:5)
  6 plants
  2 starspawn tentacles (Abyss:4)
2683 creatures vanquished.

Vanquished Creatures (collateral kills)
  2 vault guards (Vaults:5)
2 creatures vanquished.

Vanquished Creatures (others)
  2 ironheart preservers (Vaults:1)
  A vault guard (Vaults:5)
  A spriggan air mage (Depths:2)
  2 deep elf magi (Elf:2)
  A wandering mushroom (Lair:5)
  A swamp drake (Swamp:2)
  A bullfrog (Lair:5)
  A goblin (D:3)
  A bush (Lair:2)
  5 demonic plants (Gauntlet)
  12 fungi
  A lurking horror (WizLab)
  35 plants
  21 starspawn tentacles
85 creatures vanquished.

Grand Total: 2770 creatures vanquished

Notes
Turn   | Place    | Note
-------+----------+-------------------------------------------
     0 | D:1      | Lexodia the Troll Fighter began the quest for the Orb.
     0 | D:1      | Reached XP level 1. HP: 22/22 MP: 0/0
   105 | D:1      | Reached XP level 2. HP: 26/29 MP: 1/1
   182 | D:1      | Huge Dmg: 6 dmg
   349 | D:1      | Reached XP level 3. HP: 35/36 MP: 2/2
   915 | D:4      | Found a staircase to the Ecumenical Temple.
   924 | D:4      | Reached skill level 3 in Unarmed Combat
   924 | D:4      | Reached XP level 4. HP: 41/44 MP: 3/3
   934 | Temple   | Entered the Ecumenical Temple
  1028 | Temple   | Became a worshipper of Warmaster Okawaru
  1112 | D:4      | Found a hide-covered altar of Uskayaw.
  1128 | D:4      | Noticed a -2 dagger
  1128 | D:4      | Noticed a +0 dagger
  1243 | D:4      | Found a sacrificial altar of Ru.
  1249 | D:4      | Reached XP level 5. HP: 52/52 MP: 4/4
  1307 | D:4      | Found a glowing drain.
  1337 | Sewer    | Entered a sewer
  1373 | Sewer    | Noticed Purgy
  1383 | Sewer    | Killed Purgy
  1383 | Sewer    | Reached * piety under Okawaru
  1383 | Sewer    | Reached skill level 1 in Throwing
  1383 | Sewer    | Reached skill level 1 in Armour
  1383 | Sewer    | Reached skill level 1 in Invocations
  1383 | Sewer    | Reached XP level 6. HP: 49/61 MP: 5/5
  1428 | Sewer    | Learned a level 3 spell: Ozocubu's Armour
  1701 | D:4      | Reached skill level 4 in Unarmed Combat
  1741 | D:3      | Found a radiant altar of Vehumet.
  1790 | D:3      | Reached XP level 7. HP: 67/67 MP: 5/7
  1844 | D:3      | Found a transporter.
  1975 | D:3      | Found a transporter.
  2022 | D:3      | Found a runed translucent door.
  2027 | D:3      | Noticed Zenobius's ghost (weakling DsAs)
  2030 | D:3      | Huge Dmg: 33 dmg
  2048 | D:3      | Killed Zenobius's ghost
  2048 | D:3      | Reached skill level 1 in Stealth
  2060 | D:3      | Found a runed translucent door.
  2515 | D:3      | Found an ornate altar of the Wu Jian Council.
  2531 | D:3      | Found a snail-covered altar of Cheibriados.
  2645 | D:2      | Reached ** piety under Okawaru
  3193 | D:3      | Huge Dmg: 18 dmg
  3224 | D:3      | Reached skill level 1 in Charms
  3224 | D:3      | Reached skill level 1 in Ice Magic
  3378 | D:4      | Found Gaxenoi's Magic Scroll Boutique.
  3384 | D:4      | Bought a scroll of magic mapping for 49 gold pieces
  3384 | D:4      | Bought a scroll of identify for 28 gold pieces
  3384 | D:4      | Bought a scroll of identify for 28 gold pieces
  3614 | D:5      | Entered Level 5 of the Dungeon
  3897 | D:5      | Found an ancient bone altar of Kikubaaqudgha.
  3959 | D:5      | Got a fine granite ring
  3960 | D:5      | Identified the ring "Buyts" {rN+ EV+1} (You found it on
                  | level 5 of the Dungeon)
  4037 | D:5      | Found a shimmering altar of Xom.
  4093 | D:5      | Reached XP level 8. HP: 75/75 MP: 8/8
  4134 | D:5      | Reached skill level 5 in Unarmed Combat
  4610 | D:6      | Found a sparkling altar of Nemelex Xobeh.
  4714 | D:6      | Reached *** piety under Okawaru
  4764 | D:6      | Found Teruim's Armour Shop.
  4776 | D:6      | Reached skill level 5 in Shields
  4805 | D:6      | Found a sand-covered staircase.
  4811 | Ossuary  | Entered an ossuary
  4923 | Ossuary  | Reached skill level 1 in Evocations
  4984 | Ossuary  | Reached XP level 9. HP: 59/84 MP: 10/10
  5212 | D:6      | Noticed Grinder
  5221 | D:6      | Killed Grinder
  5318 | D:6      | Found a shimmering altar of Xom.
  5409 | D:6      | Reached **** piety under Okawaru
  5412 | D:6      | Reached skill level 6 in Unarmed Combat
  6222 | D:7      | Found a glowing golden altar of the Shining One.
  6316 | D:7      | Found an opulent altar of Gozag.
  6423 | D:7      | Found a glowing silver altar of Zin.
  6505 | D:7      | Reached skill level 7 in Unarmed Combat
  6846 | D:8      | Noticed Grum
  6855 | D:8      | Killed Grum
  7025 | D:8      | Found a shadowy altar of Dithmenos.
  7036 | D:8      | Reached XP level 10. HP: 87/92 MP: 11/11
  7684 | D:9      | Noticed Erolcha
  7691 | D:9      | Paralysed by Erolcha for 4 turns
  7696 | D:9      | Huge Dmg: 35 dmg
  7702 | D:9      | Huge Dmg: 19 dmg
  7703 | D:9      | Killed Erolcha
  7703 | D:9      | Reached ***** piety under Okawaru
  7703 | D:9      | Reached skill level 1 in Spellcasting
  7749 | D:9      | Reached skill level 8 in Unarmed Combat
  7825 | D:9      | Found an iron altar of Okawaru.
  8146 | D:9      | Noticed Harold
  8165 | D:9      | Killed Harold
  8302 | D:9      | Received a gift from Okawaru
  8408 | D:10     | Entered Level 10 of the Dungeon
  8408 | D:10     | Found a flagged portal.
  8439 | Bailey   | Entered a bailey
  8985 | D:10     | Reached XP level 11. HP: 88/100 MP: 13/13
  9079 | D:10     | Found a staircase to the Lair.
  9084 | D:10     | Reached skill level 9 in Unarmed Combat
  9108 | D:10     | Reached skill level 5 in Throwing
  9126 | D:10     | Found a bloodstained altar of Trog.
  9300 | D:10     | Found a roughly hewn altar of Beogh.
  9309 | D:10     | Found a staircase to the Orcish Mines.
  9382 | D:10     | Found Ocomedgh's Weapon Emporium.
  9384 | D:10     | Found Uqewon's Assorted Antiques.
  9445 | D:10     | Bought a garnet ring for 95 gold pieces
  9574 | D:10     | Noticed a brown ugly thing
  9579 | D:10     | Killed a brown ugly thing
  9579 | D:10     | Received a gift from Okawaru
  9580 | D:10     | Got a heavily jewelled robe {god gift}
  9614 | D:10     | Identified the +0 robe "Woyddopt" {rF- MR+ Dex+2} (Okawaru
                  | gifted it to you on level 10 of the Dungeon)
  9900 | D:11     | Noticed Nergalle
  9915 | D:11     | Killed Nergalle
 10003 | D:11     | Reached skill level 5 in Dodging
 10016 | D:11     | Found a gate leading to a gauntlet.
 10060 | Gauntlet | Entered a Gauntlet
 10060 | Gauntlet | Found a transporter.
 10064 | Gauntlet | Found a transporter.
 10065 | Gauntlet | Noticed a harpy
 10065 | Gauntlet | a basilisk changed into a harpy
 10068 | Gauntlet | Killed a harpy
 10074 | Gauntlet | Found a transporter.
 10085 | Gauntlet | Identified the Tome of Floating Confrontation
 10208 | Gauntlet | Found a transporter.
 10217 | Gauntlet | Reached skill level 10 in Unarmed Combat
 10226 | Gauntlet | Huge Dmg: 27 dmg
 10232 | Gauntlet | Noticed a hell hog
 10304 | Gauntlet | Identified the +7 shortbow "Ogrebane" {flame, +Blink rPois
                  | Dex-4}
 10304 | Gauntlet | Identified the ring "Werghuask" {MR+ Str+3}
 10304 | Gauntlet | Noticed a minotaur
 10309 | Gauntlet | Huge Dmg: 33 dmg
 10312 | Gauntlet | Huge Dmg: 20 dmg
 10317 | Gauntlet | Huge Dmg: 33 dmg
 10322 | Gauntlet | Killed a minotaur
 10419 | D:11     | Noticed an orc knight
 10482 | Lair:1   | Entered Level 1 of the Lair of Beasts
 10528 | Lair:1   | Reached XP level 12. HP: 105/107 MP: 14/14
 10972 | Lair:1   | Found a glowing silver altar of Zin.
 11213 | Lair:2   | Noticed a seven-headed hydra
 11391 | Lair:2   | Huge Dmg: 9 dmg
 11395 | Lair:2   | HP: 4/107 [killer bee (2)]
 11396 | Lair:2   | Huge Dmg: 20 dmg
 11407 | Lair:2   | Huge Dmg: 4 dmg
 11415 | Lair:2   | Huge Dmg: 3 dmg
 11540 | Lair:3   | Noticed an eight-headed hydra
 11558 | Lair:2   | Reached skill level 11 in Unarmed Combat
 11562 | Lair:2   | Huge Dmg: 20 dmg
 11599 | Lair:2   | Huge Dmg: 15 dmg
 11789 | Lair:2   | Noticed an eight-headed hydra
 11796 | Lair:2   | Huge Dmg: 28 dmg
 11797 | Lair:2   | Killed an eight-headed hydra
 11877 | Lair:2   | Reached ****** piety under Okawaru
 11930 | Lair:2   | Found a staircase to the Snake Pit.
 11933 | Lair:2   | Received a gift from Okawaru
 11940 | Lair:2   | Killed an eight-headed hydra
 11969 | Lair:2   | Noticed Dasij's ghost (journeyman VSMo)
 11999 | Lair:2   | Found a runed translucent gate.
 12002 | Lair:2   | Found a runed translucent gate.
 12003 | Lair:2   | Found a runed translucent gate.
 12021 | Lair:2   | Killed Dasij's ghost
 12046 | Lair:2   | Reached skill level 5 in Fighting
 12069 | Lair:2   | Got the ring "Wesos" {Fire}
 12078 | Lair:2   | Identified the ring "Wesos" {Fire rPois MR- Stlth+} (You
                  | found it on level 2 of the Lair of Beasts)
 12552 | Lair:3   | Noticed a five-headed hydra
 12557 | Lair:3   | Killed a five-headed hydra
 12716 | Lair:3   | Received a gift from Okawaru
 12807 | Lair:3   | Killed an eight-headed hydra
 12807 | Lair:3   | Reached skill level 12 in Unarmed Combat
 12807 | Lair:3   | Reached XP level 13. HP: 118/118 MP: 12/15
 12995 | Lair:3   | Found a staircase to the Swamp.
 13092 | Lair:3   | Huge Dmg: 57 dmg
 13441 | Lair:4   | Found a frozen archway.
 13473 | IceCv    | Entered an ice cave
 13482 | IceCv    | Huge Dmg: 24 dmg
 13612 | IceCv    | Huge Dmg: 22 dmg
 13700 | IceCv    | Received a gift from Okawaru
 13704 | IceCv    | Got a smoking dagger {god gift}
 13705 | IceCv    | Identified the +3 dagger of Theory {elec, rPois rF+ rN+}
                  | (Okawaru gifted it to you in an ice cave)
 13747 | IceCv    | Found an ancient bone altar of Kikubaaqudgha.
 13933 | IceCv    | Huge Dmg: 21 dmg
 13942 | IceCv    | Huge Dmg: 35 dmg
 14900 | Lair:4   | Huge Dmg: 29 dmg
 14970 | Lair:4   | Huge Dmg: 22 dmg
 15024 | Lair:4   | Received a gift from Okawaru
 15167 | Lair:6   | Entered Level 6 of the Lair of Beasts
 15212 | Lair:5   | Noticed Snorg
 15220 | Lair:5   | Killed Snorg
 15256 | Lair:5   | Reached skill level 13 in Unarmed Combat
 15443 | Lair:5   | Noticed Kirke
 15459 | Lair:5   | Huge Dmg: 26 dmg
 15464 | Lair:5   | Killed Kirke
 15590 | Lair:5   | Identified a scroll of acquirement
 15628 | Lair:5   | Huge Dmg: 18 dmg
 15630 | Lair:5   | Huge Dmg: 16 dmg
 15631 | Lair:5   | Huge Dmg: 19 dmg
 15709 | Lair:5   | Found a staircase to the Slime Pits.
 15812 | Lair:5   | Received a gift from Okawaru
 15813 | Lair:5   | Got a faintly glowing war axe {god gift}
 15814 | Lair:5   | Identified the +1 war axe of Indomitability {vamp, rElec}
                  | (Okawaru gifted it to you on level 5 of the Lair of Beasts)
 16204 | Lair:5   | Huge Dmg: 23 dmg
 16207 | Lair:5   | Huge Dmg: 17 dmg
 16291 | Lair:6   | Huge Dmg: 24 dmg
 16301 | Lair:5   | Huge Dmg: 17 dmg
 16303 | Lair:5   | Huge Dmg: 18 dmg
 16304 | Lair:5   | Huge Dmg: 13 dmg
 16344 | Lair:5   | Huge Dmg: 17 dmg
 16348 | Lair:5   | Huge Dmg: 9 dmg
 16455 | Lair:5   | Reached XP level 14. HP: 131/131 MP: 16/16
 16596 | Lair:6   | Huge Dmg: 26 dmg
 16616 | Lair:5   | Huge Dmg: 25 dmg
 16630 | Lair:5   | Huge Dmg: 13 dmg
 16729 | Lair:6   | Huge Dmg: 38 dmg
 16945 | Lair:5   | Huge Dmg: 25 dmg
 16948 | Lair:5   | Huge Dmg: 17 dmg
 16954 | Lair:5   | Received a gift from Okawaru
 17086 | Lair:6   | Reached skill level 14 in Unarmed Combat
 17302 | Lair:6   | Huge Dmg: 28 dmg
 17464 | Lair:6   | Reached skill level 5 in Evocations
 17526 | Lair:6   | Huge Dmg: 24 dmg
 17813 | Lair:6   | Received a gift from Okawaru
 18582 | Orc:1    | Entered Level 1 of the Orcish Mines
 18582 | Orc:1    | Noticed a stone giant
 18588 | Orc:1    | Killed a stone giant
 18798 | Orc:2    | Entered Level 2 of the Orcish Mines
 18798 | Orc:2    | Found a staircase to the Elven Halls.
 18959 | Orc:2    | Found a roughly hewn altar of Beogh.
 19016 | Orc:2    | Received a gift from Okawaru
 19030 | Orc:2    | Noticed an orc warlord
 19066 | Orc:2    | Huge Dmg: 38 dmg
 19066 | Orc:2    | Killed an orc warlord
 19257 | Orc:2    | Reached XP level 15. HP: 137/143 MP: 18/18
 19283 | Orc:2    | Found Makathaz's Antique Armour Emporium.
 19283 | Orc:2    | Found a roughly hewn altar of Beogh.
 19288 | Orc:2    | Found Tyth's Antique Weapon Shoppe.
 19347 | Orc:2    | Reached skill level 15 in Unarmed Combat
 19433 | Orc:2    | Found Kove's Magic Scroll Emporium.
 19480 | Orc:1    | Received a gift from Okawaru
 19735 | Orc:1    | Found a roughly hewn altar of Beogh.
 19820 | Orc:2    | Found a roughly hewn altar of Beogh.
 19960 | Orc:2    | Found a roughly hewn altar of Beogh.
 20109 | Orc:2    | Found a roughly hewn altar of Beogh.
 20110 | Orc:2    | Found Bogofich's Jewellery Emporium.
 20208 | Orc:2    | Found a roughly hewn altar of Beogh.
 20217 | Orc:2    | Found Joop Zin's Armour Shop.
 20290 | Elf:1    | Entered Level 1 of the Elven Halls
 20439 | Swamp:1  | Entered Level 1 of the Swamp
 20647 | Swamp:1  | Received a gift from Okawaru
 20777 | Swamp:1  | Reached skill level 5 in Armour
 21070 | Swamp:1  | Reached skill level 5 in Invocations
 21421 | Swamp:2  | Received a gift from Okawaru
 21441 | Swamp:2  | You fall into a shaft and drop 1 floor!
 21528 | Swamp:3  | Noticed a thorn hunter
 21536 | Swamp:3  | Received a gift from Okawaru
 21549 | Swamp:3  | Killed a thorn hunter
 21564 | Swamp:3  | Got a shadowed robe {god gift}
 21575 | Swamp:3  | Identified the +1 robe of Good Intentions {rN+++ Str-3
                  | Dex+3 SInv} (Okawaru gifted it to you on level 3 of the
                  | Swamp)
 21699 | Swamp:3  | Noticed a tentacled monstrosity
 21711 | Swamp:3  | Killed a tentacled monstrosity
 21871 | Swamp:3  | Huge Dmg: 17 dmg
 21874 | Swamp:3  | Huge Dmg: 14 dmg
 22186 | Swamp:3  | Huge Dmg: 21 dmg
 22491 | Swamp:4  | Entered Level 4 of the Swamp
 22779 | Swamp:4  | Received a gift from Okawaru
 22889 | Swamp:4  | Paralysed by a hornet for 3 turns
 23083 | Swamp:4  | Reached skill level 16 in Unarmed Combat
 23160 | Swamp:4  | Huge Dmg: 29 dmg
 23163 | Swamp:4  | Noticed a tentacled monstrosity
 23231 | Swamp:4  | Reached XP level 16. HP: 145/156 MP: 20/20
 23362 | Swamp:4  | Received a gift from Okawaru
 23754 | Swamp:4  | Killed a tentacled monstrosity
 23759 | Swamp:4  | Huge Dmg: 21 dmg
 24011 | Swamp:4  | Received a gift from Okawaru
 24026 | Swamp:4  | Reached skill level 10 in Throwing
 24189 | Swamp:4  | Got a decaying rune of Zot
 25055 | Snake:1  | Entered Level 1 of the Snake Pit
 25089 | Snake:1  | Received a gift from Okawaru
 25173 | Snake:1  | Received a gift from Okawaru
 25182 | Snake:1  | Got a scorched hat {god gift}
 25188 | Snake:1  | Identified the +0 hat of Defiance {*Corrode rF+++ rC+++
                  | Dex-5} (Okawaru gifted it to you on level 1 of the Snake
                  | Pit)
 25413 | Snake:1  | Gained mutation: You are resistant to hostile enchantments.
                  | (MR+) [potion of mutation]
 25413 | Snake:1  | Gained mutation: You tend to lose your temper in combat.
                  | [potion of mutation]
 25413 | Snake:1  | Gained mutation: You have supernaturally acute eyesight.
                  | (SInv) [potion of mutation]
 25768 | Snake:2  | Reached skill level 17 in Unarmed Combat
 26112 | Snake:2  | Received a gift from Okawaru
 26300 | Snake:2  | Reached XP level 17. HP: 156/165 MP: 21/21
 26313 | Snake:2  | Received a gift from Okawaru
 26613 | Snake:2  | Received a gift from Okawaru
 26673 | Snake:2  | Huge Dmg: 74 dmg
 26978 | Snake:3  | Huge Dmg: 26 dmg
 26982 | Snake:3  | Received a gift from Okawaru
 26993 | Snake:3  | Huge Dmg: 26 dmg
 27173 | Snake:3  | Reached skill level 10 in Fighting
 27688 | Snake:3  | Found Cirphuc's Food Shoppe.
 27697 | Snake:3  | Found Icumynti's Antique Armour Shoppe.
 27888 | Snake:3  | Found Dotap's Food Boutique.
 27983 | Snake:4  | Entered Level 4 of the Snake Pit
 28035 | Snake:4  | Noticed Aizul
 28053 | Snake:4  | Huge Dmg: 20 dmg
 28055 | Snake:4  | Huge Dmg: 15 dmg
 28057 | Snake:4  | Killed Aizul
 28377 | Snake:4  | Received a gift from Okawaru
 28383 | Snake:4  | Huge Dmg: 15 dmg
 28386 | Snake:4  | Huge Dmg: 16 dmg
 28387 | Snake:4  | Huge Dmg: 18 dmg
 28761 | Snake:4  | Huge Dmg: 60 dmg
 28852 | Snake:4  | Found a shimmering altar of Xom.
 28923 | Snake:3  | Huge Dmg: 21 dmg
 28924 | Snake:3  | Huge Dmg: 19 dmg
 28928 | Snake:3  | Received a gift from Okawaru
 29238 | Snake:4  | Reached skill level 10 in Shields
 29251 | Snake:4  | Huge Dmg: 83 dmg
 29424 | Snake:3  | Reached XP level 18. HP: 46/176 MP: 20/23
 29771 | Snake:4  | Huge Dmg: 76 dmg
 29946 | Snake:4  | Noticed Vashnia
 29954 | Snake:4  | Received a gift from Okawaru
 29968 | Snake:4  | Huge Dmg: 31 dmg
 30135 | Snake:3  | Huge Dmg: 48 dmg
 30392 | Snake:4  | Killed Vashnia
 30485 | Snake:4  | Got a serpentine rune of Zot
 30991 | Elf:1    | Huge Dmg: 88 dmg
 31076 | Elf:1    | Received a gift from Okawaru
 31082 | Elf:1    | Huge Dmg: 83 dmg
 31470 | Elf:1    | Received a gift from Okawaru
 31826 | Elf:2    | Received a gift from Okawaru
 31827 | Elf:2    | Huge Dmg: 68 dmg
 31913 | Elf:2    | Huge Dmg: 35 dmg
 32091 | Elf:2    | Reached skill level 18 in Unarmed Combat
 32222 | Elf:2    | Received a gift from Okawaru
 32307 | Elf:2    | Found a runed translucent gate.
 32307 | Elf:2    | Found a runed translucent gate.
 32308 | Elf:2    | Found a runed translucent gate.
 32510 | Elf:3    | Entered Level 3 of the Elven Halls
 32697 | Elf:3    | Noticed Saint Roka
 32737 | Elf:3    | Killed Saint Roka
 32737 | Elf:3    | Received a gift from Okawaru
 32737 | Elf:3    | Reached XP level 19. HP: 110/187 MP: 24/24
 32767 | Elf:3    | Huge Dmg: 51 dmg
 33126 | Elf:3    | Received a gift from Okawaru
 33224 | Elf:3    | Huge Dmg: 40 dmg
 33225 | Elf:3    | Huge Dmg: 20 dmg
 33226 | Elf:3    | Huge Dmg: 11 dmg
 33539 | Elf:3    | Huge Dmg: 53 dmg
 33547 | Elf:3    | Huge Dmg: 38 dmg
 33548 | Elf:3    | Huge Dmg: 43 dmg
 33708 | Elf:3    | Received a gift from Okawaru
 33902 | Elf:3    | Noticed a Tzitzimitl
 33903 | Elf:3    | Huge Dmg: 73 dmg
 33904 | Elf:3    | Huge Dmg: 44 dmg
 34250 | Elf:3    | Identified the +6 war axe "Kakh" {freeze, +Blink rF- Int+6
                  | SInv}
 34253 | Elf:3    | Identified the ring "Wuxt" {Wiz rPois rF+++ MR- MP-9}
 34266 | Elf:3    | Lost mutation: You tend to lose your temper in combat.
                  | [potion of mutation]
 34266 | Elf:3    | Lost mutation: You have supernaturally acute eyesight.
                  | (SInv) [potion of mutation]
 34266 | Elf:3    | Gained mutation: Your magical capacity is low. (-10% MP)
                  | [potion of mutation]
 34266 | Elf:3    | Gained mutation: You expend magic power (3 MP) to
                  | strengthen your wands. [potion of mutation]
 34282 | Elf:3    | Identified the +4 scimitar of Ufuc {antimagic, rF+}
 34282 | Elf:3    | Identified the +5 leather armour "Xiatzil" {+Blink rF+ rN++
                  | Dex-2}
 34282 | Elf:3    | Identified the ring of Makhleb's Condemnation {MR+ Str+7
                  | Dex+2}
 34286 | Elf:3    | Reached skill level 10 in Armour
 34325 | Elf:3    | Identified Wiheam's Volume of Feathers and Boosts
 34336 | Elf:3    | Identified the Tome of the Dark Arsonist
 34374 | Elf:3    | Identified the Tome of Noxious Clay
 34442 | Elf:3    | Found Gacvuy's Jewellery Emporium.
 35535 | D:12     | Noticed Azrael
 35598 | D:12     | Killed Azrael
 35598 | D:12     | Received a gift from Okawaru
 35606 | D:12     | Found a large runed translucent door.
 35606 | D:12     | Found a large runed translucent door.
 35611 | D:12     | Noticed Zero's ghost (journeyman GrFi)
 35628 | D:12     | Noticed Jorgrun
 35648 | D:12     | Killed Jorgrun
 35648 | D:12     | Received a gift from Okawaru
 36334 | Orc:2    | Bought a scroll of acquirement for 728 gold pieces
 36334 | Orc:2    | Bought a scroll of teleportation for 42 gold pieces
 36334 | Orc:2    | Bought a scroll of fear for 49 gold pieces
 36335 | Orc:2    | Found the +10 large shield of Ignorance {rN+ Int-4}
 36755 | D:13     | Received a gift from Okawaru
 36788 | D:13     | Identified the +1 robe "Jieddus" {rElec rF- Regen+ Str+4}
                  | (Okawaru gifted it to you on level 13 of the Dungeon)
 37475 | D:14     | Found a runed translucent door.
 37477 | D:14     | Found a shimmering altar of Xom.
 37477 | D:14     | Noticed Shaidar's ghost (journeyman MiBe)
 37479 | D:14     | Identified the cursed +3 dire flail of the Big Bang {chaos,
                  | +Fly rPois rF+ Dex-2 SInv}
 37676 | D:14     | Found a gate to the Vaults.
 37853 | D:15     | Entered Level 15 of the Dungeon
 37940 | D:15     | Reached XP level 20. HP: 175/198 MP: 22/22
 38035 | D:15     | Found a runed translucent gate.
 38035 | D:15     | Found a runed translucent gate.
 38036 | D:15     | Found a runed translucent gate.
 38456 | D:15     | Found a staircase to the Depths.
 38511 | D:15     | Received a gift from Okawaru
 38537 | D:15     | Reached skill level 15 in Throwing
 38809 | D:15     | Noticed tmwh's ghost (journeyman GrEE)
 38825 | D:15     | Killed tmwh's ghost
 38864 | D:15     | Identified the +1 hat of Knowledge {rCorr} (You found it on
                  | level 15 of the Dungeon)
 39085 | Depths:1 | Entered Level 1 of the Depths
 39340 | Vaults:1 | Entered Level 1 of the Vaults
 39390 | Vaults:1 | Received a gift from Okawaru
 39494 | Vaults:1 | Huge Dmg: 78 dmg
 39495 | Vaults:1 | Huge Dmg: 47 dmg
 39501 | Vaults:1 | Received a gift from Okawaru
 39507 | Vaults:1 | Huge Dmg: 42 dmg
 39508 | Vaults:1 | Huge Dmg: 12 dmg
 39914 | Vaults:1 | Identified the +0 cloak "Suckiqev" {MR+ MP-9 Slay+6 Stlth+}
                  | (Okawaru gifted it to you on level 1 of the Vaults)
 40044 | Vaults:1 | Found Pehen's Weapon Boutique.
 40266 | Vaults:1 | Reached skill level 19 in Unarmed Combat
 40404 | Vaults:1 | Received a gift from Okawaru
 40420 | Vaults:1 | Identified the +2 robe "Sootrac" {rPois rF- Dex+4} (Okawaru
                  | gifted it to you on level 1 of the Vaults)
 40766 | Vaults:1 | Reached XP level 21. HP: 208/208 MP: 14/23
 41276 | Vaults:2 | Found a staircase to the Crypt.
 41308 | Crypt:1  | Entered Level 1 of the Crypt
 41715 | Crypt:1  | Received a gift from Okawaru
 42352 | Crypt:1  | Huge Dmg: 52 dmg
 42361 | Crypt:1  | Huge Dmg: 38 dmg
 42362 | Crypt:1  | Huge Dmg: 33 dmg
 42393 | Crypt:1  | Huge Dmg: 30 dmg
 42718 | Crypt:1  | Huge Dmg: 79 dmg
 43174 | Vaults:2 | Found Monewet's Antique Weapon Shop.
 43370 | Vaults:2 | Cast into level 2 of the Abyss (wizard)
 43370 | Abyss:2  | Found a corrupted altar of Lugonu.
 43650 | Abyss:4  | Found an ornate altar of the Wu Jian Council.
 43706 | Abyss:4  | Received a gift from Okawaru
 43771 | Abyss:5  | Entered Level 5 of the Abyss
 43771 | Abyss:5  | Entered Level 5 of the Abyss
 43771 | Abyss:5  | Entered Level 5 of the Abyss
 43771 | Abyss:5  | Entered Level 5 of the Abyss
 43844 | Abyss:5  | Received a gift from Okawaru
 43989 | Abyss:5  | Gained mutation: Armour fits poorly on your strangely
                  | shaped body. [a cacodemon]
 43999 | Abyss:5  | Received a gift from Okawaru
 44140 | Abyss:5  | Huge Dmg: 25 dmg
 44145 | Vaults:2 | Escaped the Abyss
 44446 | Vaults:2 | Reached XP level 22. HP: 219/219 MP: 15/24
 44509 | Vaults:2 | Huge Dmg: 63 dmg
 45118 | Vaults:3 | Received a gift from Okawaru
 45227 | Vaults:3 | Received a gift from Okawaru
 45311 | Vaults:3 | You fall into a shaft and drop 1 floor!
 45409 | Vaults:4 | Found Fowaequs's Book Emporium.
 45427 | Vaults:4 | Bought a book of Cantrips for 440 gold pieces
 45429 | Vaults:4 | Learned a level 1 spell: Confusing Touch
 45431 | Vaults:4 | Learned a level 1 spell: Apportation
 45466 | Vaults:4 | Received a gift from Okawaru
 45949 | Vaults:4 | Reached skill level 1 in Translocations
 46027 | Vaults:4 | Reached skill level 1 in Hexes
 46093 | Vaults:4 | Received a gift from Okawaru
 46113 | Vaults:4 | Identified the +0 storm dragon scales of Momeelob {rElec
                  | rC+} (Okawaru gifted it to you on level 4 of the Vaults)
 46291 | Vaults:4 | Found Huesufeb's Antique Weapon Shop.
 46297 | Vaults:4 | Found Putim's Magic Scroll Emporium.
 46876 | Vaults:3 | Huge Dmg: 36 dmg
 47214 | Vaults:3 | Reached XP level 23. HP: 228/228 MP: 16/25
 47338 | Vaults:3 | Lost mutation: Armour fits poorly on your strangely shaped
                  | body. [potion of mutation]
 47338 | Vaults:3 | Lost mutation: You are resistant to hostile enchantments.
                  | (MR+) [potion of mutation]
 47338 | Vaults:3 | Gained mutation: You are robust. (+10% HP) [potion of
                  | mutation]
 47338 | Vaults:3 | Gained mutation: You evolve. [potion of mutation]
 47931 | Vaults:5 | Entered Level 5 of the Vaults
 47948 | Vaults:5 | Received a gift from Okawaru
 47993 | Vaults:5 | Received a gift from Okawaru
 48095 | Vaults:5 | Reached skill level 20 in Unarmed Combat
 48110 | Vaults:5 | Received a gift from Okawaru
 48272 | Vaults:5 | Lost mutation: You evolve. [end of evolution]
 48476 | Vaults:5 | Identified the +8 quarterstaff of the Valley {vamp, rF+
                  | Int+4 SInv Stlth-}
 48529 | Vaults:5 | Got a silver rune of Zot
 48751 | Vaults:5 | Huge Dmg: 56 dmg
 48756 | Vaults:5 | Huge Dmg: 24 dmg
 48768 | Vaults:5 | Reached skill level 10 in Dodging
 49066 | Vaults:5 | Identified the amulet of Dim Light {Gourm Str+4}
 49144 | Vaults:5 | Received a gift from Okawaru
 49178 | Vaults:5 | Learned a level 3 spell: Portal Projectile
 49430 | Vaults:5 | Reached XP level 24. HP: 243/264 MP: 16/25
 49500 | Vaults:5 | Identified Rontyxebb's Almanac of Attacks
 50209 | D:14     | Killed Shaidar's ghost
 50299 | D:12     | Killed Zero's ghost
 50473 | Depths:2 | Noticed Sojobo
 50506 | Depths:2 | Killed Sojobo
 50506 | Depths:2 | Received a gift from Okawaru
 50580 | Depths:2 | Found a magical portal.
 50584 | WizLab   | Entered The Roulette of Golubria
 50584 | WizLab   | Found a transporter.
 50668 | WizLab   | Found a corrupted altar of Lugonu.
 50669 | WizLab   | Found the +1 cloak of Starlight {rElec rC+ EV+4 Stlth--}
 50679 | WizLab   | Found a corrupted altar of Lugonu.
 50693 | WizLab   | Found a corrupted altar of Lugonu.
 50695 | WizLab   | Found a transporter.
 50753 | WizLab   | Found a transporter.
 50773 | WizLab   | Found a transporter.
 50843 | WizLab   | Found a transporter.
 50857 | WizLab   | Huge Dmg: 104 dmg
 50995 | WizLab   | Found a transporter.
 51008 | WizLab   | Found a transporter.
 51014 | WizLab   | Found a transporter.
 51088 | WizLab   | Found a transporter.
 51121 | WizLab   | Found a transporter.
 51163 | WizLab   | Found a transporter.
 51390 | WizLab   | Found a transporter.
 51390 | WizLab   | Found a transporter.
 51432 | WizLab   | Found a transporter.
 51432 | WizLab   | Found a transporter.
 51440 | WizLab   | Received a gift from Okawaru
 51487 | WizLab   | Found a transporter.
 51487 | WizLab   | Found a transporter.
 51531 | WizLab   | Found a transporter.
 51549 | WizLab   | Identified Golubria's Volume of the Compass
 51555 | WizLab   | Identified the +0 cloak "Buikis" {Stlth+} (You found it in
                  | a wizard's laboratory)
 51583 | WizLab   | Identified the cursed +0 cloak of Bitiucw {rF+} (You found
                  | it in a wizard's laboratory)
 51633 | WizLab   | Identified the Tome of Translocation
 51644 | WizLab   | Found a transporter.
 51644 | WizLab   | Found a transporter.
 51908 | Depths:1 | Received a gift from Okawaru
 51913 | Depths:1 | Huge Dmg: 53 dmg
 51937 | Depths:1 | Received a gift from Okawaru
 51978 | Depths:1 | Found a gateway to Hell.
 53245 | Depths:2 | Received a gift from Okawaru
 53616 | Depths:3 | Received a gift from Okawaru
 53803 | Depths:3 | Noticed a juggernaut
 53823 | Depths:3 | Killed a juggernaut
 54048 | Depths:3 | Found the +6 shillelagh "Devastator" {shatter}
 54098 | Depths:3 | Noticed a juggernaut
 54100 | Depths:3 | Huge Dmg: 75 dmg
 54105 | Depths:3 | Huge Dmg: 48 dmg
 54110 | Depths:3 | Killed a juggernaut
 54110 | Depths:3 | Reached XP level 25. HP: 120/273 MP: 5/25
 54370 | Depths:3 | Received a gift from Okawaru
 54441 | Depths:3 | Found the +4 dagger "Morg" {pain, MR+ Int+5}
 54460 | Depths:3 | Found a one-way gate leading to the halls of Pandemonium.
 54517 | Depths:3 | Found Suajysch's Book Emporium.
 54643 | Depths:3 | Reached skill level 5 in Translocations
 54871 | Depths:3 | Found a one-way gate to the infinite horrors of the Abyss.
 55462 | Depths:4 | Found a gateway to a ziggurat.
 55495 | Depths:4 | Received a gift from Okawaru
 55541 | Zig:1    | Entered Level 1 of a ziggurat
 55572 | Zig:2    | Entered Level 2 of a ziggurat
 55572 | Zig:2    | Noticed Jodem the pandemonium lord
 55575 | Zig:2    | Killed Jodem the pandemonium lord
 55588 | Zig:3    | Entered Level 3 of a ziggurat
 55624 | Zig:4    | Entered Level 4 of a ziggurat
 55632 | Zig:4    | Reached skill level 5 in Hexes
 55638 | Zig:4    | Received a gift from Okawaru
 55688 | Zig:5    | Entered Level 5 of a ziggurat
 55737 | Zig:5    | Identified the Tome of the Entourage and Stones
 55778 | Zig:6    | Entered Level 6 of a ziggurat
 55783 | Zig:6    | Noticed a Killer Klown
 55787 | Zig:6    | Killed a Killer Klown
 55790 | Zig:6    | Huge Dmg: 109 dmg
 55807 | Zig:6    | Huge Dmg: 85 dmg
 55901 | Zig:7    | Entered Level 7 of a ziggurat
 55912 | Zig:7    | Received a gift from Okawaru
 55982 | Zig:8    | Entered Level 8 of a ziggurat
 55993 | Zig:8    | Noticed a greater mummy
 55996 | Zig:8    | Huge Dmg: 110 dmg
 55997 | Zig:8    | Received a gift from Okawaru
 56000 | Zig:8    | Huge Dmg: 60 dmg
 56000 | Zig:8    | Killed a greater mummy
 56001 | Zig:8    | Huge Dmg: 35 dmg
 56048 | Zig:8    | Identified the Guide on Cold and Black Arts
 56243 | Zig:9    | Entered Level 9 of a ziggurat
 56252 | Zig:9    | Found the +7 captain's cutlass {speed, disarm}
 56266 | Zig:9    | Received a gift from Okawaru
 56299 | Zig:9    | Identified the Collected Works on Ignition and the
                  | Frostbite
 56321 | Zig:9    | Identified the ring "Jeozaocs" {rF+ rC+} (You found it on
                  | level 9 of a ziggurat)
 56342 | Zig:10   | Entered Level 10 of a ziggurat
 56403 | Zig:10   | Huge Dmg: 55 dmg
 56407 | Zig:10   | Huge Dmg: 36 dmg
 56414 | Zig:10   | Huge Dmg: 32 dmg
 56521 | Zig:10   | Identified the Almanac of Entrancing Clay
 56534 | Zig:10   | Lost mutation: Your magical capacity is low. (-10% MP)
                  | [potion of mutation]
 56534 | Zig:10   | Lost mutation: You are robust. (+10% HP) [potion of
                  | mutation]
 56534 | Zig:10   | Gained mutation: You are partially covered in large bone
                  | plates. (SH +4) [potion of mutation]
 56534 | Zig:10   | Gained mutation: You are partially covered in rugged brown
                  | scales. (AC +1, +3% HP) [potion of mutation]
 56534 | Zig:10   | Gained mutation: Your body sometimes deteriorates upon
                  | taking damage. [potion of mutation]
 56534 | Zig:10   | Gained mutation: You are resistant to electric shocks.
                  | (rElec) [potion of mutation]
 56535 | Zig:10   | Lost mutation: You are partially covered in large bone
                  | plates. (SH +4) [potion of mutation]
 56535 | Zig:10   | Lost mutation: You are resistant to electric shocks.
                  | (rElec) [potion of mutation]
 56535 | Zig:10   | Lost mutation: Your body sometimes deteriorates upon taking
                  | damage. [potion of mutation]
 56535 | Zig:10   | Lost mutation: You expend magic power (3 MP) to strengthen
                  | your wands. [potion of mutation]
 56535 | Zig:10   | Gained mutation: You are frail. (-10% HP) [potion of
                  | mutation]
 56535 | Zig:10   | Gained mutation: You expend magic power (3 MP) to
                  | strengthen your wands. [potion of mutation]
 56535 | Zig:10   | Gained mutation: You are partially covered in icy blue
                  | scales. (AC +2) [potion of mutation]
 56536 | Zig:10   | Lost mutation: You are frail. (-10% HP) [potion of
                  | mutation]
 56536 | Zig:10   | Lost mutation: You expend magic power (3 MP) to strengthen
                  | your wands. [potion of mutation]
 56536 | Zig:10   | Lost mutation: You are partially covered in rugged brown
                  | scales. (AC +1, +3% HP) [potion of mutation]
 56536 | Zig:10   | Gained mutation: You are resistant to hostile enchantments.
                  | (MR+) [potion of mutation]
 56536 | Zig:10   | Gained mutation: You are highly resistant to hostile
                  | enchantments. (MR++) [potion of mutation]
 56536 | Zig:10   | Gained mutation: You have large cloven feet. [potion of
                  | mutation]
 56547 | Zig:11   | Entered Level 11 of a ziggurat
 56661 | Zig:12   | Entered Level 12 of a ziggurat
 56676 | Zig:12   | Noticed an ancient lich
 56682 | Zig:12   | Killed an ancient lich
 56683 | Zig:12   | Reached XP level 26. HP: 211/260 MP: 10/29
 56684 | Zig:12   | Huge Dmg: 78 dmg
 56702 | Zig:12   | Reached skill level 21 in Unarmed Combat
 56939 | Zig:13   | Entered Level 13 of a ziggurat
 56947 | Zig:13   | Reached skill level 15 in Fighting
 57090 | Zig:13   | Noticed a greater mummy
 57097 | Zig:13   | Huge Dmg: 103 dmg
 57106 | Zig:13   | Huge Dmg: 61 dmg
 57125 | Zig:13   | Huge Dmg: 24 dmg
 57131 | Zig:13   | Huge Dmg: 10 dmg
 57132 | Zig:13   | Killed a greater mummy
 57132 | Zig:13   | Received a gift from Okawaru
 57133 | Zig:13   | Huge Dmg: 15 dmg
 57137 | Zig:13   | Huge Dmg: 7 dmg
 57140 | Zig:13   | Huge Dmg: 17 dmg
 57159 | Zig:13   | Huge Dmg: 18 dmg
 57161 | Zig:13   | HP: 19/381 [poisoned by an ushabti (dark miasma)]
 57163 | Zig:13   | Huge Dmg: 4 dmg
 57165 | Zig:13   | Huge Dmg: 3 dmg
 57165 | Zig:13   | HP: 9/381 [poisoned by an ushabti (dark miasma)]
 57165 | Zig:13   | Mangled by a bennu

Levels and vault maps discovered:
D:1:      dpeg_arrival_three_bigger_balls, layout_rooms, minmay_hedge_maze
D:2:      layout_basic, kennysheep_boxes
D:3:      gammafunk_steamed_eel, layout_loops_ring, kennysheep_slug_shrine,
          old_standard_altar, fiery_altar_vehumet, ebering_ghost_sewer_f
D:4:      layout_loops_cross, dancing_weapons_uskayaw,
          nicolae_ru_sacrificial_ziggurat, minmay_temple_entry_ruins,
          portal_sewer_entry_b, first_ration, kennysheep_minor_cross,
          minmay_shop_grid_forest
D:5:      corexii_shack_village, layout_gridville, kiku_gazebo_garden_becter,
          kennysheep_mini_moat
D:6:      layout_rooms, lemuel_round_altar, gup_ossuary_entry_pyramid,
          serial_shops, shop_fountains, basic_altar, uniq_grinder
D:7:      layout_gridville, old_standard_altar, kennysheep_mini,
          marbit_many_paths
D:8:      layout_basic, nicolae_dithmenos_through_a_glass_darkly, uniq_grum
D:9:      layout_basic, basic_altar, hangedman_little_slice_of_home,
          uniq_harold, uniq_erolcha
D:10:     layout_irregular_city, due_lair_maze_entry_diamond, david_orc_5,
          serial_shops, shop_fountains, shop, enter_bailey_6, bloody_trog
D:11:     minmay_cornered_nines, layout_cave_pools, gauntlet_entry_generic,
          uniq_nergalle
D:12:     layout_roguey, ebering_ghost_disaster_area, minivault_11,
          st_stairs_10, uniq_jorgrun, uniq_azrael
D:13:     layout_gridville
D:14:     layout_rooms, david_vaults_5, hangedman_abyss_or_decor_lesser_grid,
          ebering_ghost_xom
D:15:     grunt_enter_depths_hoard, layout_irregular_city,
          minmay_parallelograms, gammafunk_ghost_tricky_traps, drop_trap,
          minmay_liquid_box, abandoned_shop, minmay_bent
Temple:   compressed_dpeg_circular_temple
Lair:1:   layout_roguey, basic_altar, serial_bayou_shore_b
Lair:2:   layout_long_grid, guppyfry_snake_entry_garden, gammafunk_ghost_icy,
          special_room [special_room_bee], minivault_23,
          grunt_forest_small_clearing_treed
Lair:3:   layout_chaotic_city, swamp_mist
Lair:4:   layout_regular_city, portal_ice_cave_entry_imps, roderic_batcave,
          nicolae_lair_yak_garden, infiniplex_staircase_pool,
          minmay_lair_oklob_chamber
Lair:5:   layout_roguey, minmay_slime_entry_oklob_enclosed,
          chequers_serial_rivers_small_b, nicolae_quartered_pool_medium,
          grunt_forest_stairs_basic, bh_chokoban, uniq_kirke, uniq_snorg
Lair:6:   minmay_lair_end_frog_pond, layout_regular_city, serial_bayou,
          serial_bayou_lagoon_a, serial_bayou_pond_e, serial_bayou_pond_a,
          serial_bayou_ford_a
Swamp:1:  layout_basic_swamp, nicolae_swamp_triple_paths, swamp_pool3
Swamp:2:  layout_basic_swamp, evilmike_swamp_ruin_house_4
Swamp:3:  layout_basic_swamp, evilmike_swamp_ruin_rubble_1, swamp_pool1,
          lightli_tree_ring
Swamp:4:  swamp_vile, layout_basic_swamp
Snake:1:  dpeg_oklob_gauntlet, layout_rooms, lemuel_fruit_tree
Snake:2:  onia_ninara_swampy_vault, layout_rooms
Snake:3:  layout_gridlike, serial_shops, shop, shop, shop
Snake:4:  snake_pit, layout_rooms, basic_altar, grunt_ministairs_5, uniq_aizul,
          uniq_vashnia
Orc:1:    layout_caves, basic_altar
Orc:2:    grunt_orc_community_town_hall, layout_caves,
          grunt_orc_community_big_house_2, grunt_orc_community_big_house_1,
          grunt_orc_community_house_2, grunt_orc_community_house_1,
          grunt_orc_community_house_1, grunt_orc_community_house_1,
          grunt_orc_community_house_2, serial_shops, shop
Elf:1:    layout_geoelf_grid, evilmike_minifort, grunt_ministairs_4,
          nrook_mini_backslash, st_stairs_13
Elf:2:    layout_rooms
Elf:3:    grunt_elf_hall_asides, layout_loops_cross, serial_shops, shop,
          hangedman_elf_disciples, uniq_saint_roka
Vaults:1: vaults_standard_mumra_x, vaults_mumra_hex, vaults_dpeg_spiral,
          dpeg_vaults_monster_box, nicolae_vaults_little_squares_1,
          ontoclasm_vaults_spin, st_squares, v_misc_26, v_misc_19,
          nicolae_vaults_shelves_hall, vaults_room_pools,
          layout_vaults_maze_snakey, serial_shops, nicolae_shop_behind_doors
Vaults:2: hangedman_vaults_cutoff, ontoclasm_vaults_ligature, v_rooms_5,
          ontoclasm_vaults_hangar, vaults_mumra_chevron,
          vaults_room_fancy_cross, v_misc_9, v_misc_2, vaults_dpeg_encased_lava,
          nicolae_vaults_rhombus_7, minmay_crypt_entry_simple_walls,
          v_pattern_4, ontoclasm_vaults_eye, vaults_room_mumra_shop_pool,
          ontoclasm_vaults_gallery, layout_vaults_omnicross
Vaults:3: v_misc_11, v_misc_1, vaults_room_stairs_pillars, v_misc_10, v_misc_4,
          v_rooms_6, nicolae_vaults_little_ls, v_misc_12,
          nicolae_vaults_shelves_hall, layout_vaults_ring
Vaults:4: nicolae_vaults_branching_niches, v_rooms_1, v_misc_23,
          ontoclasm_vaults_ring_large, vaults_standard_mumra_enter_the_diamond,
          grunt_vaults_bifocal, v_misc_30, nicolae_vaults_twisting_passages,
          v_misc_26, nicolae_vaults_little_squares_4, v_misc_11,
          ontoclasm_vaults_gateway, layout_vaults_omnibox, serial_shops,
          nicolae_shop_trees, shop, nicolae_shop_statue_plus
Vaults:5
Crypt:1:  layout_catacombs, roderic_lattice_octagonal_star
Crypt:2:  grunt_deathspiral_small, layout_regular_city, grunt_ministairs_7
Depths:1: layout_basic, hangedman_decor_lopped, hell_entry, nicolae_sextant,
          hangedman_decor_riveting, minmay_misc_feat_encased,
          minmay_fountain_box, kennysheep_generic_room_4
Depths:2: minmay_the_grid_octo_tiled_squarecenter [minmay_the_grid_octo_77,
          minmay_the_grid_octo_empty, minmay_the_grid_octo_concentric,
          minmay_the_grid_octo_empty,
          minmay_the_grid_square_5x5_megaprize_diamond,
          minmay_the_grid_square_5x5_c, minmay_the_grid_square_5x5_v,
          minmay_the_grid_square_5x5_tri_point,
          minmay_the_grid_square_5x5_shrine1], layout_honeycomb, moated_statue,
          pf_coc_iceberg, mu_enter_wizlab_4, ice2_lemuel, uniq_sojobo
Depths:3: grunt_arcs, layout_cave_shapes, columned_hall_lemuel,
          hangedman_abyss_entry_splay, grunt_hell_entry_dis_mu,
          rand_demon_pan_entry_8, serial_shops, shop, grunt_ministairs_6
Depths:4: minmay_angry_zag, layout_gridlike, enter_ziggurat_a,
          hangedman_decor_peaks_small, abyss_entry,
          grunt_hell_entry_demonic_statue, st_stairs_13, uniq_enchantress
Zig:13:   ziggurat_pillar_centre_c, ziggurat_pillar_centre_c,
          ziggurat_pillar_centre_c, ziggurat_pillar_centre_c

Skill      XL: |  1  2  3  4  5  6  7  8  9 10 11 12 13 14 15 16 17 18 19 20 21 22 23 24 25 26 |
---------------+-------------------------------------------------------------------------------+-----
Shields        | 3 4 5 6 7 8 9 10 11 12 13 14 | 14.7
Unarmed Combat | 3 4 5 7 8 10 12 13 14 16 17 18 19 20 21 | 21.0
Fighting       | 3 4 5 6 8 9 10 11 12 13 14 15 | 15.0
Dodging        | 3 4 5 6 7 8 9 10 11 | 11.7
Throwing       | 1 2 3 4 6 7 8 9 10 12 13 14 15 16 17 18 19 | 19.8
Armour         | 1 3 4 6 7 8 9 10 11 12 13 | 13.9
Invocations    | 1 2 3 4 5 |  5.0
Stealth        | 1 3 4 |  4.0
Charms         | 1 2 3 4 |  4.0
Ice Magic      | 1 2 3 4 |  4.0
Evocations     | 1 4 5 6 7 8 |  8.0
Spellcasting   | 2 3 4 |  4.8
Translocations | 2 3 4 5 |  5.0
Hexes          | 2 3 4 5 |  5.0

Action                   |  1- 3 |  4- 6 |  7- 9 | 10-12 | 13-15 | 16-18 | 19-21 | 22-24 | 25-27 || total
-------------------------+-------+-------+-------+-------+-------+-------+-------+-------+-------++-------
Melee: Unarmed           |   140 |    82 |   599 |   630 |  1381 |  1321 |  1879 |  1568 |   397 ||  7997
       War axe           |       |       |       |       |   159 |       |       |       |       ||   159
       Kick              |       |       |       |       |       |       |       |       |    39 ||    39
Throw: Boomerang         |       |       |    36 |   186 |   301 |   300 |       |       |       ||   823
       Large rock        |       |       |       |    17 |    15 |    44 |    92 |   135 |    89 ||   392
       Dart              |       |       |       |     6 |    60 |     6 |     6 |       |       ||    78
       Javelin           |       |       |       |    24 |    68 |    49 |     1 |    19 |    66 ||   227
 Cast: Ozocubu's Armour  |       |       |     1 |    15 |    16 |       |       |       |       ||    32
       Portal Projectile |       |       |       |       |       |       |       |     4 |     5 ||     9
Invok: Heroism           |       |     1 |     2 |    21 |    25 |    24 |    37 |    28 |    18 ||   156
       Finesse           |       |       |       |     1 |     1 |       |     2 |     3 |     1 ||     8
Evoke: Wand              |       |       |       |       |    21 |    13 |       |       |     7 ||    41
       Box of beasts     |       |       |       |       |       |       |       |       |     2 ||     2
       Sack of spiders   |       |       |       |       |       |       |       |       |     4 ||     4
  Use: Scroll            |       |     6 |     7 |    12 |    10 |    14 |    18 |    14 |     6 ||    87
       Potion            |       |     1 |     5 |     4 |     2 |     4 |     7 |     3 |    10 ||    36
 Stab: Sleeping          |       |       |     3 |     4 |       |       |     1 |     5 |     4 ||    17
       Petrified         |       |       |       |       |     1 |       |       |       |       ||     1
       Paralysed         |       |       |       |       |     6 |       |       |       |       ||     6
       Invisible         |       |       |       |       |       |       |     8 |       |     3 ||    11
       Distracted        |       |       |       |       |       |       |     1 |     4 |       ||     5
  Eat: Chunk             |    12 |    11 |    49 |    56 |    95 |    85 |   106 |    87 |    25 ||   526
       Ration            |       |       |       |       |       |     2 |       |       |       ||     2
Armor: Robe              |    44 |    20 |       |       |       |       |       |       |       ||    64
       Troll leather arm |       |    14 |   149 |   185 |   169 |       |       |       |       ||   517
       Pearl dragon scal |       |       |       |       |   510 |   518 |   396 |   204 |   171 ||  1799
Dodge: Dodged            |    48 |    29 |   231 |   326 |   686 |   402 |   301 |   289 |   176 ||  2488
Block: Shield            |    55 |    46 |   332 |   506 |   988 |   608 |       |       |       ||  2535
       Large shield      |       |       |       |       |       |   499 |  1983 |  1562 |   644 ||  4688
       Reflection        |       |       |       |       |       |       |       |       |     1 ||     1

Table legend:
 A = Non-vault XP
 B = Vault XP
 C = Vault XP percentage of total XP
 D = Non-vault monster count
 E = Vault monster count
 F = Vault count percentage of total count
                 A         B        C        D         E       F
            +---------+---------+-------+---------+---------+-------
      Total |  824658 |  516742 |  38.5 |    1759 |     921 |  34.4
            +---------+---------+-------+---------+---------+-------
        D:1 |      60 |       0 |   0.0 |      29 |       0 |   0.0
        D:2 |     181 |       0 |   0.0 |      24 |       0 |   0.0
        D:3 |     180 |     191 |  51.5 |      40 |       8 |  16.7
        D:4 |     443 |      20 |   4.3 |      13 |       6 |  31.6
        D:5 |     574 |      13 |   2.2 |      21 |       7 |  25.0
        D:6 |     754 |     295 |  28.1 |      26 |       2 |   7.1
        D:7 |    1174 |      33 |   2.7 |      30 |       1 |   3.2
        D:8 |     571 |     669 |  54.0 |       9 |       5 |  35.7
        D:9 |    1472 |    2264 |  60.6 |      20 |      10 |  33.3
       D:10 |    3072 |    1775 |  36.6 |      31 |      32 |  50.8
       D:11 |    3904 |    2412 |  38.2 |      25 |       4 |  13.8
       D:12 |    5866 |    6807 |  53.7 |      46 |      12 |  20.7
       D:13 |    6464 |       0 |   0.0 |      43 |       0 |   0.0
       D:14 |    8806 |    3469 |  28.3 |      19 |       3 |  13.6
       D:15 |   28765 |   10440 |  26.6 |      65 |      21 |  24.4
     Lair:1 |    4478 |       0 |   0.0 |      21 |       0 |   0.0
     Lair:2 |    5217 |    4010 |  43.5 |      23 |      31 |  57.4
     Lair:3 |    3514 |       0 |   0.0 |      14 |       0 |   0.0
     Lair:4 |    4292 |    4325 |  50.2 |      19 |      28 |  59.6
     Lair:5 |   12225 |   10538 |  46.3 |      40 |      30 |  42.9
     Lair:6 |   10462 |    8942 |  46.1 |      34 |      30 |  46.9
    Swamp:1 |   10313 |       0 |   0.0 |      38 |       0 |   0.0
    Swamp:2 |   11046 |       0 |   0.0 |      31 |       0 |   0.0
    Swamp:3 |   19067 |       0 |   0.0 |      28 |       0 |   0.0
    Swamp:4 |   15390 |   20725 |  57.4 |      41 |      29 |  41.4
    Snake:1 |   18371 |    1543 |   7.7 |      37 |       3 |   7.5
    Snake:2 |   13288 |    4838 |  26.7 |      23 |      11 |  32.4
    Snake:3 |   28201 |    3552 |  11.2 |      45 |       4 |   8.2
    Snake:4 |   30789 |   37615 |  55.0 |      58 |      45 |  43.7
      Orc:1 |    4981 |       0 |   0.0 |      36 |       0 |   0.0
      Orc:2 |    2714 |    6549 |  70.7 |      36 |      71 |  66.4
      Elf:1 |    7796 |    2745 |  26.0 |      15 |       4 |  21.1
      Elf:2 |   29777 |    7962 |  21.1 |      43 |      10 |  18.9
      Elf:3 |   15799 |   48697 |  75.5 |      24 |      46 |  65.7
   Vaults:1 |   35598 |   27658 |  43.7 |      53 |      44 |  45.4
   Vaults:2 |   39886 |   23856 |  37.4 |      71 |      38 |  34.9
   Vaults:3 |   47946 |   10386 |  17.8 |      80 |      16 |  16.7
   Vaults:4 |   23960 |   32025 |  57.2 |      45 |      41 |  47.7
   Vaults:5 |   50000 |  100719 |  66.8 |      62 |      84 |  57.5
    Crypt:1 |   38249 |     810 |   2.1 |      53 |       1 |   1.9
   Depths:1 |   41022 |    1289 |   3.0 |      45 |       2 |   4.3
   Depths:2 |   25827 |   35782 |  58.1 |      29 |      30 |  50.8
   Depths:3 |   27924 |   46861 |  62.7 |      34 |      32 |  48.5
   Depths:4 |    6454 |    5687 |  46.8 |       7 |       5 |  41.7
    Abyss:2 |    9440 |       0 |   0.0 |      14 |       0 |   0.0
    Abyss:3 |    1138 |       0 |   0.0 |       4 |       0 |   0.0
    Abyss:4 |    8408 |       0 |   0.0 |      14 |       0 |   0.0
    Abyss:5 |   17699 |    8134 |  31.5 |      29 |      11 |  27.5
      Zig:1 |     861 |       0 |   0.0 |       2 |       0 |   0.0
      Zig:2 |    7203 |       0 |   0.0 |       1 |       0 |   0.0
      Zig:3 |    3726 |       0 |   0.0 |       4 |       0 |   0.0
      Zig:4 |    5065 |       0 |   0.0 |       7 |       0 |   0.0
      Zig:5 |    7747 |       0 |   0.0 |       6 |       0 |   0.0
      Zig:6 |   11696 |       0 |   0.0 |       7 |       0 |   0.0
      Zig:7 |    9011 |       0 |   0.0 |      20 |       0 |   0.0
      Zig:8 |   14549 |       0 |   0.0 |      15 |       0 |   0.0
      Zig:9 |   14021 |       0 |   0.0 |      19 |       0 |   0.0
     Zig:10 |   16534 |       0 |   0.0 |      15 |       0 |   0.0
     Zig:11 |   14937 |       0 |   0.0 |      21 |       0 |   0.0
     Zig:12 |   17907 |       0 |   0.0 |      33 |       0 |   0.0
     Zig:13 |   17844 |    2211 |  11.0 |      22 |       3 |  12.0
      Sewer |       0 |     162 | 100.0 |       0 |       9 | 100.0
    Ossuary |       0 |     480 | 100.0 |       0 |      20 | 100.0
     Bailey |       0 |    1221 | 100.0 |       0 |      30 | 100.0
      IceCv |       0 |    6603 | 100.0 |       0 |      54 | 100.0
     WizLab |       0 |   18965 | 100.0 |       0 |      39 | 100.0
   Gauntlet |       0 |    3464 | 100.0 |       0 |       9 | 100.0
            +---------+---------+-------+---------+---------+-------
